 Dungeon Crawl Stone Soup version 0.31.0-32-g396128a36d (webtiles) character file.

Game seed: 3944316818649729758

193 bane2007 the Covered (level 5, -3/43 HPs)
             Began as a Gnoll Wanderer on Apr 12, 2024.
             Splashed by a jelly's acid (7 damage)
             ... in a sewer.
             The game lasted 00:20:57 (2638 turns).

bane2007 the Covered (Gnoll Wanderer)               Turns: 2638, Time: 00:20:57

Health: -3/43      AC:  2    Str:  8    XL:     5   Next: 72%
Magic:  7/7        EV: 13    Int: 11    God:
Gold:   127        SH:  0    Dex: 17    Spells: 7/7 levels left

rFire   . . .        e - +2 dagger (protect)
rCold   . . .        (no shield)
rNeg    . . .        f - +0 robe
rPois   +            (no helmet)
rElec   .            (no cloak)
rCorr   .            d - +0 pair of gloves
SInv    .            (no boots)
Will    .....        u - amulet of faith
Stlth   ++           h - ring of flight
HPRegen 0.27/turn    n - ring of poison resistance
MPRegen 0.10/turn

%: faith
@: corroded, under a protective aura, flying, studying Throwing
A: fangs 1, strong nose, distributed training
a: no special abilities


You were in a sewer.
You visited 1 branch of the dungeon, and saw 3 of its levels.
You also visited: Sewer.

You collected 151 gold pieces.
You spent 24 gold pieces at shops.

Inventory:

Hand Weapons
 a - a +2 dagger
 c - a +0 short sword
 e - a +2 dagger of protection (weapon)
Missiles
 b - a curare-tipped dart (quivered)
Armour
 d - a +0 pair of gloves (worn)
 f - a +0 robe (worn)
 t - a +0 leather armour
Jewellery
 g - a ring of positive energy
 h - a ring of flight (left hand)
 n - a ring of poison resistance (right hand)
 r - a +6 ring of strength
 u - an amulet of faith (around neck)
 v - a ring of protection from cold
Wands
 i - a wand of digging (3)
Scrolls
 j - a scroll of amnesia {unknown}
 l - a scroll of identify
 o - a scroll of teleportation
 p - a scroll of noise {unknown}
 w - 2 scrolls of enchant armour {unknown}
Potions
 k - a potion of magic
 m - a potion of might {unknown}
 q - 2 potions of lignification
 s - a potion of brilliance


   Skills:
 + Level 4.8 Fighting
 + Level 3.1 Short Blades
 + Level 1.6 Long Blades
 + Level 1.6 Axes
 + Level 1.6 Maces & Flails
 + Level 1.6 Polearms
 + Level 1.6 Staves
 + Level 1.6 Ranged Weapons
 + Level 5.1 Throwing
 + Level 6.7 Armour
 + Level 3.1 Dodging
 + Level 1.6 Stealth
 + Level 1.6 Shields
 + Level 1.6 Unarmed Combat
 + Level 1.6 Spellcasting
 + Level 1.3 Conjurations
 + Level 1.3 Hexes
 + Level 1.3 Summonings
 + Level 1.3 Necromancy
 + Level 1.3 Translocations
 + Level 1.3 Fire Magic
 + Level 1.3 Ice Magic
 + Level 1.3 Air Magic
 + Level 1.3 Earth Magic
 + Level 1.3 Alchemy
 + Level 1.9 Invocations
 + Level 3.1 Evocations
 + Level 1.5 Shapeshifting


You had 7 spell levels left.
You didn't know any spells.
Your spell library contained the following spells:

 Spells                   Type           Power      Damage    Failure   Level
 Apportation              Tloc           6%         N/A       17%         1
 Necrotise                Necr           12%        1d4       17%         1
 Sting                    Conj/Alch      12%        1d3       17%         1
 Summon Small Mammal      Summ           12%        N/A       17%         1
 Ensorcelled Hibernation  Hex/Ice        6%         N/A       26%         2
 Scorch                   Fire           6%         2d5       26%         2
 Fugue of the Fallen      Necr           3%         N/A       45%         3
 Vampiric Draining        Necr           3%         2d6       45%         3
 Anguish                  Hex/Necr       1%         N/A       86%         4
 Flame Wave               Conj/Fire      3%         2d5       86%         4
 Martyr's Knell           Necr/Summ      3%         N/A       86%         4
 Curse of Agony           Necr           3%         N/A       99%         5
 Summon Cactus Giant      Summ           1%         N/A       100%        6


Dungeon Overview and Level Annotations

Branches:
Dungeon (3/15)              Sewer (1/1)

Altars:
Dithmenos
Kikubaaqudgha

Shops:
D:2 ?

Annotations:
D:2 1 runed translucent door, Crazy Yiuf


Innate Abilities, Weirdness & Mutations

You have very sharp teeth.
Your uncanny sense of smell can sniff out nearby items.
Your experience applies equally to all skills.


Message History

The jelly closely misses you.
Hit: e) +2 dagger (protect)
Press: ? - help, Dir - move target, f/p - jelly
Aim: a jelly (heavily wounded, about 9% to evade your +2 dagger of protection)
You hit the jelly.
Your hands burn!
The jelly is heavily wounded.
The jelly hits you but does no damage.
Hit: e) +2 dagger (protect)
Press: ? - help, Dir - move target, f/p - jelly
Aim: a jelly (heavily wounded, about 9% to evade your +2 dagger of protection)
You hit the jelly but do no damage.
Your hands burn!
The jelly is heavily wounded.
Hit: e) +2 dagger (protect)
Press: ? - help, Dir - move target, f/p - jelly
Aim: a jelly (heavily wounded, about 9% to evade your +2 dagger of protection)
You hit the jelly.
Your hands burn!
The jelly is severely wounded.
The jelly hits you but does no damage.
Hit: e) +2 dagger (protect)
Press: ? - help, Dir - move target, f/p - jelly
Aim: a jelly (severely wounded, about 9% to evade your +2 dagger of protection)
You hit the jelly.
Your hands burn!
The jelly is almost dead.
The jelly hits you but does no damage.
Hit: e) +2 dagger (protect)
Press: ? - help, Dir - move target, f/p - jelly
Aim: a jelly (almost dead, about 9% to evade your +2 dagger of protection)
You hit the jelly but do no damage. The acid corrodes you!
Your hands burn!
The jelly is almost dead.
The jelly hits you.
You are splashed with acid!
* * * LOW HITPOINT WARNING * * *
Hit: e) +2 dagger (protect)
Press: ? - help, Dir - move target, f/p - jelly
Aim: a jelly (almost dead, about 9% to evade your +2 dagger of protection)
You completely miss the jelly.
The jelly is almost dead.
The jelly hits you.
* * * LOW HITPOINT WARNING * * *
You are splashed with acid!
You die...

######## ∩## .~.....#
#~~ ## ..# ~..†...#
####.~ #!##~.# ~.
#####..# ~.~.. !.#.~#
~.. #..#
~~~.~##....~##..# #~.#
#..~##.~.##~~.# #####..#
#~..#.~.~.~~# ....†..# ∆
#~...~~~~.# ~~.~†~.#
∆##.@J~~~.### ########
##.~...~### ##~.††~.~.##
#.†~.###~~~##
##.††##.##...# #
###.~.##.~†##~.#
#########~.~.~#~~.~~~.~#
.....~..~.÷~~##..#.~.~##
~~...~~.~.#########~.##


You could see a jelly.

Vanquished Creatures
  2 jellies (Sewer)
  3 adders
  2 river rats
  2 dart slugs (D:2)
  A ribbon worm (D:3)
  13 endoplasms
  7 giant cockroaches
  3 goblins
  3 hobgoblins
  7 kobolds
  3 quokkas
  9 ball pythons
  7 bats
  4 frilled lizards
  20 rats
86 creatures vanquished.

Notes
Turn   | Place    | Note
-------+----------+-------------------------------------------
     0 | D:1      | bane2007 the Gnoll Wanderer began the quest for the Orb.
     0 | D:1      | bane2007 set off with the following items: a +2 dagger, a
                  | curare-tipped dart, a +0 short sword, a +0 pair of gloves,
                  | a potion of heal wounds, a +0 robe.
     0 | D:1      | Reached XP level 1. HP: 20/20 MP: 1/1
   202 | D:1      | Reached XP level 2. HP: 26/26 MP: 2/2
   505 | D:1      | Reached XP level 3. HP: 31/31 MP: 3/3
  1230 | D:2      | Reached skill level 1 in Invocations
  1463 | D:2      | Reached skill level 1 in Long Blades
  1463 | D:2      | Reached skill level 1 in Axes
  1463 | D:2      | Reached skill level 1 in Maces & Flails
  1463 | D:2      | Reached skill level 1 in Polearms
  1463 | D:2      | Reached skill level 1 in Staves
  1463 | D:2      | Reached skill level 1 in Ranged Weapons
  1463 | D:2      | Reached skill level 1 in Stealth
  1463 | D:2      | Reached skill level 1 in Shields
  1463 | D:2      | Reached skill level 1 in Unarmed Combat
  1463 | D:2      | Reached skill level 1 in Spellcasting
  1552 | D:2      | Reached skill level 1 in Shapeshifting
  1552 | D:2      | Reached XP level 4. HP: 35/38 MP: 5/5
  1723 | D:2      | Found a runed translucent door.
  1724 | D:2      | Noticed Crazy Yiuf
  1820 | D:2      | Found Zeastrea's Magic Scroll Shoppe.
  1825 | D:2      | Bought a scroll of identify for 24 gold pieces
  2028 | D:3      | Found an ancient bone altar of Kikubaaqudgha.
  2042 | D:3      | Found a shadowy altar of Dithmenos.
  2148 | D:3      | Reached skill level 1 in Conjurations
  2148 | D:3      | Reached skill level 1 in Hexes
  2148 | D:3      | Reached skill level 1 in Summonings
  2148 | D:3      | Reached skill level 1 in Necromancy
  2148 | D:3      | Reached skill level 1 in Translocations
  2148 | D:3      | Reached skill level 1 in Fire Magic
  2148 | D:3      | Reached skill level 1 in Ice Magic
  2148 | D:3      | Reached skill level 1 in Air Magic
  2148 | D:3      | Reached skill level 1 in Earth Magic
  2148 | D:3      | Reached skill level 1 in Alchemy
  2161 | D:3      | Found a glowing drain.
  2232 | Sewer    | Entered a sewer
  2508 | Sewer    | Reached XP level 5. HP: 42/43 MP: 7/7
  2514 | Sewer    | Reached skill level 5 in Throwing
  2638 | Sewer    | Splashed by a jelly's acid

Illustrated notes

Levels and vault maps discovered:
D:1:      minmay_arrival_split_and_join, layout_basic, minmay_rat_gold_closets
D:2:      layout_basic, serial_shops, nicolae_shop_rolled_up,
          uniq_crazy_yiuf_cottage
D:3:      layout_rooms, mainiacjoe_overflow_24_doors,
          mainiacjoe_overflow_big_doors, nemelex_diamond_rough_becter,
          serial_shops, nicolae_shop_behind_doors,
          mainiacjoe_sewer_entry_somewhere_in_here_2
Sewer:    sewer_hellmonk_slimy_pipes

Skill      XL: |  1  2  3  4  5 |
---------------+----------------+-----
Invocations    | 1 |  1.9
Long Blades    | 1 |  1.6
Axes           | 1 |  1.6
Maces & Flails | 1 |  1.6
Polearms       | 1 |  1.6
Staves         | 1 |  1.6
Ranged Weapons | 1 |  1.6
Stealth        | 1 |  1.6
Shields        | 1 |  1.6
Unarmed Combat | 1 |  1.6
Spellcasting   | 1 |  1.6
Shapeshifting  | 1 |  1.5
Conjurations   | 1 |  1.3
Hexes          | 1 |  1.3
Summonings     | 1 |  1.3
Necromancy     | 1 |  1.3
Translocations | 1 |  1.3
Fire Magic     | 1 |  1.3
Ice Magic      | 1 |  1.3
Air Magic      | 1 |  1.3
Earth Magic    | 1 |  1.3
Alchemy        | 1 |  1.3
Throwing       | 5 |  5.1
Short Blades   | 3 |  3.1
Dodging        | 3 |  3.1
Evocations     | 3 |  3.1
Fighting       | |  4.8
Armour         | |  6.7

Action                     |  1- 3 |  4- 6 || total
---------------------------+-------+-------++-------
  Melee: Short sword       |    37 |       ||    37
         Dagger            |   139 |   173 ||   312
         Bite              |    14 |    20 ||    34
         Punch             |     1 |     2 ||     3
    Use: Potion            |     1 |     1 ||     2
         Scroll            |       |     7 ||     7
   Stab: Sleeping          |     7 |     3 ||    10
         Distracted        |     1 |       ||     1
 Armour: Robe              |    94 |    77 ||   171
  Dodge: Dodged            |   146 |    95 ||   241
